 Dungeon Crawl Stone Soup version 0.31-a0-664-g902f515a81 (webtiles) character file.

Game seed: 17148036918730961750

20 Bravepunisher the Ducker (level 2, -1/16 HPs)
             Began as a Spriggan Monk on Sept 2, 2023.
             Slain by an ogre
             ... wielding a +0 giant club
              (17 damage)
             ... on level 4 of the Dungeon.
             The game lasted 00:02:58 (569 turns).

Bravepunisher the Ducker (Spriggan Monk)             Turns: 569, Time: 00:02:58

Health: -1/16      AC:  2    Str:  7    XL:     2   Next: 58%
Magic:  3/3        EV: 19    Int: 11    God:
Gold:   41         SH:  0    Dex: 17    Spells: 1/1 levels left

rFire   . . .        a - +0 short sword
rCold   . . .        d - orb {light}
rNeg    . . .        b - +0 robe
rPois   .            (helmet restricted)
rElec   .            (no cloak)
rCorr   .            (gloves unavailable)
SInv    +            (boots unavailable)
Will    .....        (no amulet)
Stlth   +            (no ring)
HPRegen 0.22/turn    (no ring)
MPRegen 0.08/turn

%: no passive effects
@: about to teleport, glowing, very quick
A: very small, no large weapons, unfitting armour, see invisible, speed 3
a: no special abilities


You were on level 4 of the Dungeon.
You visited 1 branch of the dungeon, and saw 6 of its levels.

You collected 41 gold pieces.

Inventory:

Hand Weapons
 a - a +0 short sword (weapon)
Armour
 b - a +0 robe (worn)
 d - an orb of light (worn)
Jewellery
 f - an amulet of regeneration
Scrolls
 e - a scroll of teleportation
 g - a scroll of fear {unknown}
Potions
 c - a potion of ambrosia


   Skills:
 + Level 2.7 Fighting
 - Level 3.2 Short Blades
 * Level 4.9 Dodging


You had one spell level left.
You didn't know any spells.
Your spell library was empty.

Dungeon Overview and Level Annotations

Branches:
Dungeon (6/15)
 Temple: D:4-7

Altars:


Innate Abilities, Weirdness & Mutations

You are very small and have problems with some larger weapons.
You are too small for most types of armour.
You have supernaturally acute eyesight. (SInv)
You cover ground extremely quickly. (Speed+++)


Message History

There is a large open door here.
There is a stone staircase leading up here.
You climb upwards.
There is a stone staircase leading down here.
An orc comes into view. It is wielding a +0 hand axe.
The orc shouts!
You hear a shout! x2
The orc completely misses you.
You hit the orc.
The orc is lightly wounded.
The orc hits you but does no damage.
You hit the orc.
The orc is heavily wounded.
The orc completely misses you.
An orc comes into view. It is wielding a +0 hand axe.
You hit the orc.
The orc is heavily wounded.
The orc closely misses you.
You hit the orc.
The orc is almost dead.
You hit the orc.
You kill the orc!
An orc comes into view. It is wielding a +0 short sword.
The orc shouts!
You hear a shout!
An ogre comes into view. It is wielding a +0 giant club.
As you read the scroll of teleportation, it crumbles to dust.
You feel strangely unstable.
The ogre shouts!
The orc closely misses you.
An orc priest comes into view.
It is wielding a +0 vampiric short sword.
You hit the orc.
The orc is moderately wounded.
The orc closely misses you.
You hit the orc.
The orc is almost dead.
The orc misses you.
You hit the orc.
You kill the orc!
The ogre hits you with a +0 giant club!
Ouch! That really hurt!
You die...

### # ..#.# #.#.
#o. #o# #@# #O#
#.#
#.######.######.
#...............
######>#.#######
#.#.# #.#.#
#.#.#


You could see an ogre, an orc priest and an orc.

Vanquished Creatures
  An adder (D:3)
  3 orcs (D:4)
  A ball python (D:2)
  2 jackals (D:3)
  2 kobolds (D:3)
  A rat (D:1)
10 creatures vanquished.

Notes
Turn   | Place    | Note
-------+----------+-------------------------------------------
     0 | D:1      | Bravepunisher the Spriggan Monk began the quest for the
                  | Orb.
     0 | D:1      | Reached XP level 1. HP: 11/11 MP: 2/2
   228 | D:3      | Reached XP level 2. HP: 4/16 MP: 3/3
   377 | D:5      | Entered Level 5 of the Dungeon
   402 | D:5      | Noticed a black bear
   516 | D:6      | Noticed a bullfrog
   532 | D:6      | Noticed a wight
   565 | D:4      | Noticed an ogre
   569 | D:4      | Slain by an ogre

Illustrated notes

Levels and vault maps discovered:
D:1:      minmay_arrival_shattered_statue, layout_basic
D:2:      layout_loops_corners, basic_altar, minmay_pentomino_t2
D:3:      layout_loops_ring, dreamdust_princess_bridge
D:4:      layout_loops_ring, gammafunk_ghost_smash, minmay_crystal_water,
          uniq_blork_the_orc
D:5:      wad_lake_hut, layout_basic, minmay_temple_entry_statues_pillars,
          kennysheep_small_circle, uniq_sigmund
D:6:      layout_loops_corners

Action                     || total
---------------------------++-------
  Melee: Short sword       ||    57
    Use: Scroll            ||     2
 Armour: Robe              ||    18
  Dodge: Dodged            ||    52

Table legend: (Time is in decaauts)
 A = Elapsed time spent in this place.
 B = Non-inter-level travel time spent in this place.
 C = Inter-level travel time spent in this place.
 D = Time resting spent in this place.
 E = Time spent auto-exploring this place.
 F = Levels seen in this place.
 G = Mean time per level.
                   A        B        C        D        E       F      G
               +--------+--------+--------+--------+--------+-----+--------+
         Total |    407 |    407 |      0 |     35 |    110 |   6 |   67.8 |
       Dungeon |    407 |    407 |      0 |     35 |    110 |   6 |   67.8 |
               +--------+--------+--------+--------+--------+-----+--------+

Top non-repeatable levels by time:
     D:3: 103 daAuts
     D:4: 97 daAuts
     D:6: 74 daAuts
     D:2: 60 daAuts
     D:5: 49 daAuts
     D:1: 23 daAuts
